 Dungeon Crawl Stone Soup version 0.30-a0-586-g23e55c9e0a (webtiles) character file.

Game seed: 14989351706298273082

1010 billz999 the Skirmisher (level 8, 0/63 HPs)
             Began as a Gnoll Hunter on Jan 4, 2023.
             Slain by an ogre
             ... wielding a +0 giant spiked club
              (21 damage)
             ... on level 5 of the Dungeon.
             The game lasted 00:06:59 (4209 turns).

billz999 the Skirmisher (Gnoll Hunter)              Turns: 4209, Time: 00:06:59

Health: 0/63       AC:  3    Str: 16    XL:     8   Next: 21%
Magic:  4/4        EV: 14    Int: 12    God:
Gold:   211        SH:  0    Dex: 17    Spells: 13/13 levels left

rFire   . . .      SeeInvis +    b - +7 hand axe of the Orange Skies {antimagic, rPois Int+2 SInv}
rCold   . . .      Faith    .    (no shield)
rNeg    . . .      Spirit   .    c - +0 leather armour
rPois   +          Reflect  .    (no helmet)
rElec   .          Harm     .    (no cloak)
rCorr   .          Rampage  .    (no gloves)
Will    .....                    (no boots)
Stlth   +++                      (no amulet)
HPRegen 0.30/turn                i - +6 ring of strength
MPRegen 0.09/turn                v - ring of poison resistance

@: lethally poisoned (0 -> -1)
A: fangs 1, strong nose, distributed training
a: no special abilities


You were on level 5 of the Dungeon.
You visited 1 branch of the dungeon, and saw 5 of its levels.

You collected 211 gold pieces.

Inventory:

Hand Weapons
 a - a +0 shortbow
 b - the +7 hand axe of the Orange Skies (weapon) {antimagic, rPois Int+2 SInv}
   (You found it on level 2 of the Dungeon)

   It reduces the magical energy of the wielder, and disrupts the spells and
   magical abilities of those it strikes.
   Natural abilities and divine invocations are not affected.
   Int:       It affects your intelligence (+2).
   rPois:     It protects you from poison.
   SInv:      It lets you see invisible.
 e - a +0 short sword of speed
Armour
 c - a +0 leather armour (worn)
Jewellery
 g - a +4 ring of protection
 i - a +6 ring of strength (left hand)
 j - a ring of magical power
 o - the ring "Oball" {Ice rCorr Str+3 Int+4}
   (You acquired it on level 3 of the Dungeon)

   [ring of ice]

   It enhances your ice magic.
   Str:       It affects your strength (+3).
   Int:       It affects your intelligence (+4).
   rF:        It makes you vulnerable to fire.
   rC:        It protects you from cold.
   rCorr:     It protects you from acid and corrosion.
 v - a ring of poison resistance (right hand)
Wands
 d - a wand of flame (9)
Scrolls
 h - a scroll of poison
 l - a scroll of immolation
 n - 3 scrolls of teleportation
 p - a scroll of fear {unknown}
 t - 2 scrolls of magic mapping
 w - a scroll of identify
 x - a scroll of noise {unknown}
 y - a scroll of amnesia {unknown}
Potions
 f - 2 potions of heal wounds
 k - 2 potions of attraction {unknown}
 m - a potion of curing {unknown}
 q - a potion of might {unknown}
 r - a potion of berserk rage {unknown}
 s - a potion of magic {unknown}
 u - a potion of mutation {unknown}


   Skills:
 + Level 5.6 Fighting
 + Level 3.2 Short Blades
 + Level 3.2 Long Blades
 + Level 3.2 Axes
 + Level 3.2 Maces & Flails
 + Level 3.2 Polearms
 + Level 3.2 Staves
 + Level 9.1 Ranged Weapons
 + Level 3.2 Throwing
 + Level 3.2 Armour
 + Level 5.6 Dodging
 + Level 4.0 Stealth
 + Level 3.2 Shields
 + Level 3.2 Unarmed Combat
 + Level 3.2 Spellcasting
 + Level 2.6 Conjurations
 + Level 2.6 Hexes
 + Level 2.6 Summonings
 + Level 2.6 Necromancy
 + Level 2.6 Translocations
 + Level 2.6 Transmutations
 + Level 2.6 Fire Magic
 + Level 2.6 Ice Magic
 + Level 2.6 Air Magic
 + Level 2.6 Earth Magic
 + Level 2.6 Poison Magic
 + Level 3.5 Invocations
 + Level 3.2 Evocations


You had 13 spell levels left.
You didn't know any spells.
Your spell library contained the following spells:

 Spells                   Type           Power      Damage    Failure   Level
 Apportation              Tloc           16%        N/A       10%         1
 Shock                    Conj/Air       32%        1d5       10%         1
 Dazzling Flash           Conj/Hex       16%        N/A       30%         3
 Portal Projectile        Hex/Tloc       16%        N/A       30%         3
 Swiftness                Air            8%         N/A       30%         3
 Airstrike                Air            4%         2d(1-17)  69%         4
 Animate Armour           Summ/Erth      16%        N/A       69%         4
 Iskenderun's Mystic Bla  Conj/Tloc      8%         2d4       69%         4
 Agony                    Necr           8%         N/A       95%         5
 Silence                  Hex/Air        4%         N/A       95%         5


Dungeon Overview and Level Annotations

Branches:
Dungeon (5/15)
 Temple: D:4-7

Altars:
Sif Muna
Yredelemnul

Shops:
D:4 [


Innate Abilities, Weirdness & Mutations

You have very sharp teeth.
Your uncanny sense of smell can sniff out nearby items.
Your experience applies equally to all skills.


Message History

You're wearing all the rings you can.
Remove which one? (? for menu, Esc to cancel) < or
i - a +6 ring of strength > or
o - the ring "Oball" {Ice rCorr Str+3 Int+4} You remove the ring "Oball" {Ice rCorr Str+3 Int+4}.
You feel sick. The killer bee stings you.
v - a ring of poison resistance (right hand)
The killer bee stings you.
You are more poisoned.
The killer bee poisons you!
You are too injured to fight recklessly!
Unknown command.
Okay, then.
You feel clever.
You feel magic leave you.
b - the +7 hand axe of the Orange Skies (weapon)
{antimagic, rPois Int+2 SInv} You feel sick.
The killer bee misses you.
You are too injured to fight recklessly!
You slash the killer bee!
You kill the killer bee!
You feel very sick. The adder bites you but does no damage.
You slash the adder!
You kill the adder!
You feel sick.
Okay, then.
You slash the ogre!
The ogre is moderately wounded.
You feel sick. The ogre barely misses you.
You barely miss the ogre.
The ogre is moderately wounded.
You feel sick. The ogre completely misses you.
You barely miss the ogre.
The ogre is moderately wounded.
You feel sick. The ogre closely misses you.
You hit the ogre. You bite the ogre.
The ogre is moderately wounded.
You feel sick.
The ogre hits you with a +0 giant spiked club!!
You die...

..#. #... ##...##...
........####
[..........#######
#####...#.##........
...........#........
#.......W#........
#......O.#........
#....)...#@.......
#####..#WO........
####..[..#........
#######......)..........
....##.......##[########
..........#..##..#
...#..###.##.###.####
.......##..#.# #....#
.###...###.#.# #....#


You could see an ogre and a phantom.

Vanquished Creatures
  Grinder (D:4)
  A black bear (D:4)
  A phantom (D:4)
  A necrophage (D:5)
  A scorpion (D:5)
  A killer bee (D:5)
  A howler monkey (D:4)
  2 iguanas (D:4)
  A gnoll bouda (D:5)
  A hound (D:4)
  Ijyb (D:3)
  2 orc wizards
  13 gnolls
  6 adders
  3 worms
  A dart slug (D:5)
  7 orcs
  A bat (D:3)
  7 endoplasms
  4 giant cockroaches
  4 goblins
  10 hobgoblins
  2 jackals (D:1)
  3 quokkas
  4 ball pythons
  3 frilled lizards
  3 kobolds (D:1)
  5 rats
90 creatures vanquished.

Notes
Turn   | Place    | Note
-------+----------+-------------------------------------------
     0 | D:1      | billz999 the Gnoll Hunter began the quest for the Orb.
     0 | D:1      | Reached XP level 1. HP: 20/20 MP: 1/1
    72 | D:1      | Reached XP level 2. HP: 26/26 MP: 2/2
   702 | D:1      | You fall into a shaft and drop 1 floor!
   820 | D:2      | Identified the +7 hand axe of the Orange Skies {antimagic,
                  | rPois Int+2 SInv}
   879 | D:2      | Got Pieckoh's Discursus on the Petrified Singularity
   886 | D:2      | Reached XP level 3. HP: 31/31 MP: 3/3
  1031 | D:2      | Reached skill level 1 in Invocations
  1199 | D:2      | Found a faded altar of an unknown god.
  1451 | D:3      | Noticed Ijyb
  1471 | D:3      | Killed Ijyb
  1472 | D:3      | Reached skill level 1 in Short Blades
  1472 | D:3      | Reached skill level 1 in Long Blades
  1472 | D:3      | Reached skill level 1 in Axes
  1472 | D:3      | Reached skill level 1 in Maces & Flails
  1472 | D:3      | Reached skill level 1 in Polearms
  1472 | D:3      | Reached skill level 1 in Staves
  1472 | D:3      | Reached skill level 1 in Throwing
  1472 | D:3      | Reached skill level 1 in Armour
  1472 | D:3      | Reached skill level 1 in Shields
  1472 | D:3      | Reached skill level 1 in Unarmed Combat
  1472 | D:3      | Reached skill level 1 in Spellcasting
  1472 | D:3      | Reached skill level 1 in Evocations
  1472 | D:3      | Reached XP level 4. HP: 24/38 MP: 1/5
  1762 | D:3      | Found a basalt altar of Yredelemnul.
  1763 | D:3      | Identified a scroll of acquirement
  1763 | D:3      | Acquired the ring "Oball" {Ice rCorr Str+3 Int+4}
  1876 | D:3      | Reached skill level 1 in Conjurations
  1876 | D:3      | Reached skill level 1 in Hexes
  1876 | D:3      | Reached skill level 1 in Summonings
  1876 | D:3      | Reached skill level 1 in Necromancy
  1876 | D:3      | Reached skill level 1 in Translocations
  1876 | D:3      | Reached skill level 1 in Transmutations
  1876 | D:3      | Reached skill level 1 in Fire Magic
  1876 | D:3      | Reached skill level 1 in Ice Magic
  1876 | D:3      | Reached skill level 1 in Air Magic
  1876 | D:3      | Reached skill level 1 in Earth Magic
  1876 | D:3      | Reached skill level 1 in Poison Magic
  1989 | D:3      | Found a shimmering blue altar of Sif Muna.
  2129 | D:4      | Reached XP level 5. HP: 32/43 MP: 2/7
  2586 | D:4      | Reached XP level 6. HP: 32/50 MP: 2/8
  2839 | D:4      | Reached skill level 5 in Fighting
  2839 | D:4      | Reached skill level 5 in Dodging
  3062 | D:4      | Found Diuzioxy's Antique Armour Shop.
  3159 | D:4      | Noticed a black bear
  3168 | D:4      | Killed a black bear
  3334 | D:4      | Reached XP level 7. HP: 56/56 MP: 3/10
  3341 | D:4      | Noticed Grinder
  3354 | D:4      | Killed Grinder
  3355 | D:4      | Reached skill level 9 in Ranged Weapons
  3783 | D:5      | Entered Level 5 of the Dungeon
  3908 | D:5      | Reached XP level 8. HP: 46/63 MP: 4/12
  4209 | D:5      | Slain by an ogre

Illustrated notes

Levels and vault maps discovered:
D:1:      ncdulo_halloftheorcs, layout_basic, kennysheep_another_room
D:2:      layout_loops_ring, shapermc_ecumenical_altar_mp_vishouse
D:3:      layout_rooms, overflow_temple_1_default, led_sif_pool,
          chequers_decorated_corner, uniq_ijyb
D:4:      layout_gridville, minmay_shop_grid_forest, amethyst_killhole,
          minmay_quantized, uniq_grinder
D:5:      layout_rooms, portal_sewer_entry_b, dreamdust_princess_bridge

Skill      XL: |  1  2  3  4  5  6  7  8 |
---------------+-------------------------+-----
Invocations    | 1 2 3 |  3.5
Short Blades   | 1 2 3 |  3.2
Long Blades    | 1 2 3 |  3.2
Axes           | 1 2 3 |  3.2
Maces & Flails | 1 2 3 |  3.2
Polearms       | 1 2 3 |  3.2
Staves         | 1 2 3 |  3.2
Throwing       | 1 2 3 |  3.2
Armour         | 1 2 3 |  3.2
Shields        | 1 2 3 |  3.2
Unarmed Combat | 1 2 3 |  3.2
Spellcasting   | 1 2 3 |  3.2
Evocations     | 1 2 3 |  3.2
Conjurations   | 1 2 |  2.6
Hexes          | 1 2 |  2.6
Summonings     | 1 2 |  2.6
Necromancy     | 1 2 |  2.6
Translocations | 1 2 |  2.6
Transmutations | 1 2 |  2.6
Fire Magic     | 1 2 |  2.6
Ice Magic      | 1 2 |  2.6
Air Magic      | 1 2 |  2.6
Earth Magic    | 1 2 |  2.6
Poison Magic   | 1 2 |  2.6
Stealth        | 3 4 |  4.0
Fighting       | 5 |  5.6
Dodging        | 5 |  5.6
Ranged Weapons | 9 |  9.1

Action                   |  1- 3 |  4- 6 |  7- 9 || total
-------------------------+-------+-------+-------++-------
Melee: Short sword       |     3 |       |       ||     3
       Hand axe          |    13 |    57 |    43 ||   113
       Bite              |     1 |     4 |     5 ||    10
       Punch             |     1 |     2 |     1 ||     4
       Unarmed           |       |     2 |       ||     2
 Fire: Shortbow          |    68 |    89 |    45 ||   202
Evoke: Wand              |       |     1 |       ||     1
  Use: Scroll            |     2 |     1 |     2 ||     5
       Potion            |     1 |       |       ||     1
Armor: Leather armour    |     2 |     7 |     6 ||    15
Dodge: Dodged            |    13 |    54 |    51 ||   118

Table legend: (Time is in decaauts)
 A = Elapsed time spent in this place.
 B = Non-inter-level travel time spent in this place.
 C = Inter-level travel time spent in this place.
 D = Time resting spent in this place.
 E = Time spent auto-exploring this place.
 F = Levels seen in this place.
 G = Mean time per level.
                   A        B        C        D        E       F      G
               +--------+--------+--------+--------+--------+-----+--------+
         Total |   4228 |   4122 |    106 |    113 |   3424 |   5 |  845.6 |
       Dungeon |   4228 |   4122 |    106 |    113 |   3424 |   5 |  845.6 |
               +--------+--------+--------+--------+--------+-----+--------+

Top non-repeatable levels by time:
     D:4: 1727 daAuts
     D:2: 733 daAuts
     D:3: 710 daAuts
     D:1: 702 daAuts
     D:5: 355 daAuts
